 Dungeon Crawl Stone Soup version 0.29-a0-823-gc37b1572da (webtiles) character file.

Game seed: 14739493484696687850

149 Shayle the Sneak (level 5, -5/49 HPs)
             Began as a Naga Brigand on July 8, 2022.
             Killed by divine providence
             ... invoked by an orc priest
              (14 damage)
             ... on level 3 of the Dungeon.
             The game lasted 00:08:36 (2449 turns).

Shayle the Sneak (Naga Brigand)                     Turns: 2449, Time: 00:08:36

Health: -5/49      AC:  4    Str: 13    XL:     5   Next: 31%
Magic:  8/8        EV:  9    Int: 14    God:
Gold:   36         SH:  0    Dex: 12    Spells: 8/8 levels left

rFire   . . .      SeeInvis +   a - +2 dagger
rCold   . . .      Faith    .   (no shield)
rNeg    . . .      Spirit   .   b - +0 robe
rPois   +          Reflect  .   g - +0 helmet
rElec   .          Harm     .   c - +0 cloak
rCorr   .          Rampage  .   (no gloves)
Will    .....                   (no barding)
Stlth   +++.......              (no amulet)
HPRegen 0.16/turn               (no ring)
MPRegen 0.11/turn               (no ring)

@: mighty, very slow
A: AC +1, large, see invisible, deformed body, poison resistance, slowness 2,
spit poison 1, naga tail 1
a: Spit Poison


You were on level 3 of the Dungeon.
You visited 1 branch of the dungeon, and saw 3 of its levels.

You collected 96 gold pieces.
You spent 60 gold pieces at shops.

Inventory:

Hand Weapons
 a - a +2 dagger (weapon)
Missiles
 d - 11 poisoned darts
 e - 2 curare-tipped darts (quivered)
 p - 6 datura-tipped darts
Armour
 b - a +0 robe (worn)
 c - a +0 cloak (worn)
 g - a +0 helmet (worn)
Scrolls
 f - 2 scrolls of identify
 h - a scroll of vulnerability {unknown}
 m - a scroll of summoning {unknown}
 q - a scroll of teleportation {unknown}
Potions
 i - a potion of invisibility {unknown}
 k - a potion of flight
 l - 2 potions of might
 n - a potion of attraction {unknown}
 o - 2 potions of heal wounds {unknown}


   Skills:
 + Level 3.4 Fighting
 - Level 2.0 Short Blades
 - Level 1.7 Throwing
 - Level 0.7 Dodging
 + Level 7.3 Stealth
 + Level 2.3 Spellcasting


You had 8 spell levels left.
You didn't know any spells.
Your spell library contained the following spells:

 Spells                   Type           Power      Damage    Failure   Level
 Ensorcelled Hibernation  Hex/Ice        2%         N/A       34%         2
 Passwall                 Tmut/Erth      0%         N/A       34%         2
 Swiftness                Air            1%         N/A       56%         3


Dungeon Overview and Level Annotations

Branches:
Dungeon (3/15)

Altars:

Shops:
D:2 =   D:3 *


Innate Abilities, Weirdness & Mutations

Your serpentine skin is tough. (AC +1)
You have supernaturally acute eyesight. (SInv)
Armour fits poorly on your strangely shaped body.
Your system is resistant to poisons. (rPois)
You cover ground very slowly.
You can spit poison.
You have a snake-like lower body.


Message History

You kill the orc!
You hit the orc but do no damage.
The orc is lightly wounded.
The orc hits you with a +0 hand axe.
You hit the orc but do no damage.
The orc is lightly wounded.
The orc hits you but does no damage.
You hit the orc.
The orc is heavily wounded.
The orc hits you with a +0 hand axe.
You barely miss the orc.
The orc is heavily wounded.
You have got your breath back.
You completely miss the orc.
The orc is heavily wounded.
The orc hits you with a +0 hand axe.
You barely miss the orc.
The orc is heavily wounded.
The orc hits you with a +0 hand axe.
* * * LOW HITPOINT WARNING * * *
You barely miss the orc.
The orc is heavily wounded.
The orc closely misses you.
You feel better. The orc hits you with a +0 hand axe.
The orc attacks as you move away! The orc hits you with a +0 hand axe.
The orc barely misses you. The orc attacks as you move away!
The orc hits you but does no damage. The orc hits you with a +0 hand axe.
The orc attacks as you move away! The orc hits you with a +0 hand axe.
The orc attacks as you move away! The orc hits you with a +0 hand axe.
* * * LOW HITPOINT WARNING * * *
The orc hits you with a +0 hand axe.
* * * LOW HITPOINT WARNING * * *
The orc attacks as you move away! The orc closely misses you.
The orc attacks as you move away! The orc closely misses you.
It was a potion of might.
You feel very mighty all of a sudden.
The orc priest mumbles some strange prayers to Beogh against you.
Beogh smites you!
You die...

##+#####.# .##.#
#.........###.##.#
#.#.####.........#
#.#.####.####.####
####.....##.####.#
.........).......#
####.....##.######
#.#.####.#
#.#@####.#
#...oo...#
###.###### #.# #.#
#.# #.# #.# #.


You could see an orc priest and an orc.

Vanquished Creatures
  Natasha (twice) (D:2)
  6 adders (D:2)
  An orc (D:3)
  3 endoplasms (D:2)
  A giant cockroach (D:2)
  5 goblins
  4 hobgoblins
  4 kobolds
  3 quokkas
  6 ball pythons
  4 bats
  A frilled lizard (D:1)
  7 rats
47 creatures vanquished.

Notes
Turn   | Place    | Note
-------+----------+-------------------------------------------
     0 | D:1      | Shayle the Naga Brigand began the quest for the Orb.
     0 | D:1      | Reached XP level 1. HP: 19/19 MP: 1/1
   254 | D:1      | Reached skill level 6 in Stealth
   306 | D:1      | Reached XP level 2. HP: 26/26 MP: 2/2
   677 | D:1      | Found a faded altar of an unknown god.
   709 | D:1      | Reached skill level 1 in Spellcasting
  1147 | D:1      | Upgraded the game from 0.29-a0-821-g66395355a5 to
                  | 0.29-a0-823-gc37b1572da
  1261 | D:2      | Found Caaweveo's Jewellery Emporium.
  1364 | D:2      | Reached XP level 3. HP: 33/33 MP: 4/4
  1531 | D:2      | Noticed Natasha
  1538 | D:2      | Killed Natasha
  1539 | D:2      | Reached XP level 4. HP: 24/40 MP: 6/6
  1696 | D:2      | Noticed Natasha
  1702 | D:2      | Killed Natasha
  1703 | D:2      | Reached skill level 7 in Stealth
  1722 | D:2      | Identified the +0 robe of Pragmatism {rC+ Int+5}
  1877 | D:2      | Reached XP level 5. HP: 40/49 MP: 8/8
  2277 | D:3      | Found Zyighoh's Assorted Antiques.
  2283 | D:3      | Bought a brown potion for 15 gold pieces
  2283 | D:3      | Bought a brown potion for 15 gold pieces
  2283 | D:3      | Bought 2 bubbling sapphire potions for 30 gold pieces
  2449 | D:3      | Killed from afar by an orc priest

Illustrated notes

Levels and vault maps discovered:
D:1:      lightli_arrival_boilingwater, layout_basic,
          chequers_ecumenical_altar_island, serial_curves, eino_curves_02,
          eino_curves_04
D:2:      minmay_angry_zag, layout_rooms, serial_shops,
          nicolae_shop_behind_doors, minmay_misc_feat_encased,
          skrybe_limestone_x, uniq_natasha
D:3:      layout_loops_corners, serial_shops, shop,
          nicolae_shop_overgrown_old_shop, minmay_close_crescents

Skill      XL: |  1  2  3  4 |
---------------+-------------+-----
Stealth        | 6 7 |  7.3
Spellcasting   | 1 2 |  2.3
Fighting       | 3 |  3.4
Short Blades   | |  2.0
Throwing       | |  1.7
Dodging        | |  0.7

Action                   |  1- 3 |  4- 6 || total
-------------------------+-------+-------++-------
Melee: Dagger            |    40 |    82 ||   122
Throw: Dart              |    12 |     9 ||    21
 Abil: Spit Poison       |    11 |     5 ||    16
  Use: Scroll            |     2 |       ||     2
       Potion            |       |     2 ||     2
 Stab: Sleeping          |     6 |     1 ||     7
Armor: Robe              |    11 |    37 ||    48
Dodge: Dodged            |    11 |    34 ||    45

Table legend: (Time is in decaauts)
 A = Elapsed time spent in this place.
 B = Non-inter-level travel time spent in this place.
 C = Inter-level travel time spent in this place.
 D = Time resting spent in this place.
 E = Time spent auto-exploring this place.
 F = Levels seen in this place.
 G = Mean time per level.
                   A        B        C        D        E       F      G
               +--------+--------+--------+--------+--------+-----+--------+
         Total |   3111 |   3035 |     76 |    143 |   2343 |   3 | 1037.0 |
       Dungeon |   3111 |   3035 |     76 |    143 |   2343 |   3 | 1037.0 |
               +--------+--------+--------+--------+--------+-----+--------+

Top non-repeatable levels by time:
     D:1: 1602 daAuts
     D:2: 1165 daAuts
     D:3: 343 daAuts
